 Dungeon Crawl Stone Soup version 0.28-b1-70-g80dc712255 (webtiles) character file.

Game seed: 5473221819945841560

540 iguanaiguana the Chopper (level 7, -5/61 HPs)
             Began as a Minotaur Fighter on Feb 3, 2022.
             Was an Initiate of Hepliaklqana.
             Slain by an orc warrior (14 damage)
             ... on level 4 of the Dungeon.
             The game lasted 00:03:48 (4143 turns).

iguanaiguana the Chopper (Minotaur Fighter)         Turns: 4143, Time: 00:03:49

Health: -5/61      AC: 13    Str: 22    XL:     7   Next: 5%
Magic:  6/6        EV:  7    Int:  5    God:    Hepliaklqana [......]
Gold:   99         SH:  5    Dex: 10    Spells: 6/6 levels left

rFire   . . .      SeeInvis .   a - +0 war axe
rCold   + . .      Faith    .   c - +0 buckler
rNeg    . . .      Spirit   .   l - +4 chain mail of the Gardener {Fly rElec rC+}
rPois   .          Reflect  .   (helmet restricted)
rElec   +          Harm     .   (no cloak)
rCorr   .          Rampage  .   (no gloves)
Will    .....                   (no boots)
Stlth   ..........              (no amulet)
HPRegen 0.20/turn               (no ring)
MPRegen 0.10/turn               (no ring)

@: flying
A: horns 2, retaliatory headbutt
a: Renounce Religion


You were on level 4 of the Dungeon.
You worshipped Hepliaklqana.
Hepliaklqana was noncommittal.
You visited 1 branch of the dungeon, and saw 4 of its levels.

You collected 99 gold pieces.

Inventory:

Hand Weapons
 a - a +0 war axe (weapon)
Missiles
 m - 5 poisoned darts (quivered)
Armour
 c - a +0 buckler (worn)
 l - the +4 chain mail of the Gardener (worn) {Fly rElec rC+}
   (You found it on level 2 of the Dungeon)

   rC:        It protects you from cold.
   rElec:     It insulates you from electricity.
   Fly:       It grants you flight.
Scrolls
 b - a scroll of noise {unknown}
 e - a scroll of summoning {unknown}
 f - a scroll of silence {unknown}
 j - a scroll of teleportation {unknown}
 n - a scroll of enchant weapon {unknown}
 o - a scroll of blinking {unknown}
 p - a scroll of magic mapping {unknown}
 r - a scroll of amnesia {unknown}
Potions
 d - 3 potions of might {@q3}
 g - a potion of haste {@q4}
 i - a potion of flight
 k - a potion of berserk rage
 q - a potion of heal wounds {unknown}


   Skills:
 + Level 5.3 Fighting
 * Level 6.1 Axes
 + Level 5.4 Armour
 + Level 5.4 Shields


You had 6 spell levels left.
You didn't know any spells.
Your spell library was empty.

Dungeon Overview and Level Annotations

Branches:
Dungeon (4/15)
 Temple: D:4-7

Altars:
Dithmenos
Elyvilon
Hepliaklqana

Shops:
D:2 *

Annotations:
D:3 2 transporters


Innate Abilities, Weirdness & Mutations

You have a pair of horns on your head.
You reflexively headbutt those who attack you in melee.


Message History

No target in view!
You barely miss something. Something hits you.
You miss something. Something hits you but does no damage.
You barely miss something. Something hits you but does no damage.
You hear some strange, mumbled words.
A magic dart appears from out of thin air!
The magic dart hits you but does no damage.
You hit something. Something hits you but does no damage.
You hit something.
Reactivating autopickup.
You feel a bit more experienced.
You have reached level 7!
Things that are here:
a +0 dagger; a +1 robe of cold resistance
Things that are here:
a +0 mace; a +0 leather armour; an orc corpse
Things that are here:
a +0 dagger; an orc corpse An orc comes into view.
It is wielding a +0 hand axe.
The orc shouts!
The orc throws a stone.
The stone hits you.
An orc is nearby!
An orc is nearby!
An orc is nearby!
An orc comes into view. It is wielding a +0 hand axe.
The orc shouts!
You slash the orc!
You kill the orc!
An orc warrior comes into view. It is wielding a +0 battleaxe.
The orc warrior shouts!
You hear a shout!
The orc hits you with a +0 hand axe.
You slash the orc!
You kill the orc!
No target in view!
No target in view!
No target in view!
No target in view!
No target in view!
No target in view!
No target in view!
No target in view!
No target in view!
No target in view!
No target in view!
No target in view!
No target in view!
An orc warrior is nearby!
An orc warrior is nearby!
An orc warrior is nearby!
An orc warrior is nearby!
You see here a +0 hand axe.
You closely miss the orc warrior. Your headbutt misses the orc warrior.
The orc warrior hits you with a +0 battleaxe!
You closely miss the orc warrior. Your headbutt misses the orc warrior.
The orc warrior hits you with a +0 battleaxe!
You hit the orc warrior but do no damage.
The orc warrior hits you with a +0 battleaxe!!
The orc warrior hits you with a +0 battleaxe!
* * * LOW HITPOINT WARNING * * *
You are too injured to fight recklessly!
You are too injured to fight recklessly!
You are too injured to fight recklessly!
You are too injured to fight recklessly!
You are too injured to fight recklessly!
You are too injured to fight recklessly!
You are too injured to fight recklessly!
You are too injured to fight recklessly!
You closely miss the orc warrior. You headbutt the orc warrior!
The orc warrior is moderately wounded.
You block the orc warrior's attack.
It was a potion of ambrosia.
You are confused.
You feel invigorated. The orc warrior barely misses you.
You closely miss the orc warrior. You headbutt the orc warrior.
The orc warrior is heavily wounded.
The orc warrior hits you with a +0 battleaxe!
* * * LOW HITPOINT WARNING * * *
You closely miss the orc warrior.
The orc warrior is heavily wounded.
The orc warrior hits you with a +0 battleaxe!
* * * LOW HITPOINT WARNING * * *
You closely miss the orc warrior. Your headbutt misses the orc warrior.
The orc warrior is heavily wounded.
The orc warrior closely misses you.
The orc warrior hits you with a +0 battleaxe.
* * * LOW HITPOINT WARNING * * *
You barely miss the orc warrior.
The orc warrior is heavily wounded.
The orc warrior hits you with a +0 battleaxe!
* * * LOW HITPOINT WARNING * * *
You barely miss the orc warrior.
The orc warrior is heavily wounded.
The orc warrior hits you but does no damage.
You bump into the rock wall.
The orc warrior hits you with a +0 battleaxe!
* * * LOW HITPOINT WARNING * * *
You feel less invigorated.
You feel less confused.
The orc warrior hits you with a +0 battleaxe!
You die...

.####.........
.............. ##
#............ ##.
#............ ..
.#.....#...... ###.
#.#.....#......
##..8##.##............
#...8..# #............
#.#..#.@.###.)....##....
#.....o).)##.)...###....
..#..###..##))...##...##
#. #.#..#......##..## #
####........##.##.
###.........###
............
..............#
.................


You could see an orc warrior.

Vanquished Creatures
  2 ogres
  2 orc priests
  2 hounds (D:4)
  2 orc wizards
  An iguana (D:4)
  7 adders
  An adder skeleton (D:2)
  3 worms (D:3)
  16 orcs
  7 endoplasms
  2 giant cockroaches
  11 goblins
  7 hobgoblins
  2 jackals (D:1)
  A quokka (D:3)
  7 ball pythons
  8 bats
  6 frilled lizards
  8 kobolds
  5 rats
100 creatures vanquished.

Notes
Turn   | Place    | Note
-------+----------+-------------------------------------------
     0 | D:1      | iguanaiguana the Minotaur Fighter began the quest for the
                  | Orb.
     0 | D:1      | Reached XP level 1. HP: 19/19 MP: 0/0
    87 | D:1      | Reached XP level 2. HP: 27/27 MP: 1/1
   101 | D:1      | Found a faded altar of an unknown god.
   210 | D:1      | Reached skill level 3 in Axes
   883 | D:1      | Reached XP level 3. HP: 31/33 MP: 2/2
  1238 | D:2      | Identified the +4 chain mail of the Gardener {Fly rElec
                  | rC+}
  1432 | D:2      | Reached XP level 4. HP: 23/40 MP: 3/3
  1661 | D:2      | Reached skill level 4 in Axes
  1741 | D:2      | Found Camuhiph's Assorted Antiques.
  2152 | D:3      | Found a transporter.
  2199 | D:3      | Found a shadowy altar of Dithmenos.
  2286 | D:3      | Found a hazy altar of Hepliaklqana.
  2308 | D:3      | Became a worshipper of Hepliaklqana the Forgotten
  2513 | D:3      | Reached XP level 5. HP: 38/47 MP: 4/4
  2664 | D:3      | Found a transporter.
  2705 | D:3      | Found a white marble altar of Elyvilon.
  3077 | D:4      | Noticed an ogre
  3089 | D:3      | Killed an ogre
  3090 | D:3      | Reached skill level 5 in Fighting
  3090 | D:3      | Reached skill level 5 in Axes
  3090 | D:3      | Reached skill level 5 in Shields
  3090 | D:3      | Reached XP level 6. HP: 25/56 MP: 5/5
  3750 | D:4      | Reached skill level 5 in Armour
  3977 | D:4      | Reached skill level 6 in Axes
  3983 | D:4      | Reached XP level 7. HP: 33/61 MP: 6/6
  4143 | D:4      | Slain by an orc warrior

Illustrated notes

Levels and vault maps discovered:
D:1:      dpeg_arrival_morbid_curiosity, layout_loops_ring,
          hellmonk_ecumenical_altar_zigzags
D:2:      layout_basic, serial_shops, shop, minmay_heptomino_l4
D:3:      gammafunk_wand_slinger, layout_loops_ring,
          mainiacjoe_overflow_tiny_flanked, mainiacjoe_overflow_boulevard,
          nicolae_elyvilon_peaceful_grove, grunt_ministairs_6,
          nicolae_figureground_pulse
D:4:      layout_cave_pools, solitary_fountain, guppyfry_early_orc_mine,
          uniq_duvessa, uniq_natasha

Skill      XL: |  1  2  3  4  5  6 |
---------------+-------------------+-----
Axes           | 3 4 5 6 |  6.1
Shields        | 4 5 |  5.4
Fighting       | 4 5 |  5.3
Armour         | 4 5 |  5.4

Action                   |  1- 3 |  4- 6 |  7- 9 || total
-------------------------+-------+-------+-------++-------
Melee: War axe           |    98 |   121 |    11 ||   230
       Headbutt          |    11 |    14 |     2 ||    27
  Use: Scroll            |       |     3 |       ||     3
       Potion            |       |     1 |     1 ||     2
Armor: Scale mail        |    30 |       |       ||    30
       Chain mail        |    15 |    96 |     1 ||   112
Dodge: Dodged            |    63 |    49 |     2 ||   114
Block: Buckler           |    26 |    28 |     1 ||    55
